 Dungeon Crawl Stone Soup version 0.30-a0-603-g51a0fb1b98 (webtiles) character file.

Game seed: 5720671346250071748

14 Leeroy the Ruffian (level 2, 25/25 HPs)
             Began as a Naga Transmuter on Jan 7, 2023.
             Got out of the dungeon alive.
             The game lasted 00:01:31 (883 turns).

Leeroy the Ruffian (Naga Transmuter)                 Turns: 883, Time: 00:01:31

Health: 25/25      AC:  1    Str: 12    XL:     2   Next: 41%
Magic:  5/5        EV:  9    Int: 13    God:
Gold:   32         SH:  0    Dex: 11    Spells: 4/5 levels left

rFire   . . .      SeeInvis +      - Unarmed
rCold   . . .      Faith    .    (no shield)
rNeg    . . .      Spirit   .    a - +0 robe
rPois   +          Reflect  .    (no helmet)
rElec   .          Harm     .    (no cloak)
rCorr   .          Rampage  .    (no gloves)
Will    .....                    (no barding)
Stlth   +                        (no amulet)
HPRegen 0.24/turn                (no ring)
MPRegen 0.09/turn                (no ring)

@: very slow
A: AC +0, large, see invisible, deformed body, poison resistance, slowness 2,
spit poison 1, naga tail 1
a: Spit Poison


You escaped.
You visited 1 branch of the dungeon, and saw 1 of its levels.

You collected 32 gold pieces.

Inventory:

Armour
 a - a +0 robe (worn)
Potions
 b - 2 potions of lignification


   Skills:
 - Level 1.0 Fighting
 - Level 1.5 Dodging
 + Level 3.7 Unarmed Combat
 - Level 2.0 Spellcasting
 - Level 2.0 Transmutations


You had 4 spell levels left.
You knew the following spells:

 Your Spells              Type           Power      Damage    Failure   Level
a - Beastly Appendage     Tmut           12%        N/A       11%         1

Your spell library contained the following spells:

 Spells                   Type           Power      Damage    Failure   Level
 Wereblood                Tmut           6%         N/A       17%         2
 Spider Form              Tmut/Pois      3%         N/A       45%         3
 Ozocubu's Armour         Ice            1%         N/A       58%         3
 Ice Form                 Ice/Tmut       3%         N/A       86%         4
 Metabolic Englaciation   Hex/Ice        0%         N/A       100%        5
 Simulacrum               Ice/Necr       0%         N/A       100%        6


Dungeon Overview and Level Annotations

Branches:
Dungeon (1/15)

Altars:


Innate Abilities, Weirdness & Mutations

Your serpentine skin is tough. (AC +0)
You have supernaturally acute eyesight. (SInv)
Armour fits poorly on your strangely shaped body.
Your system is resistant to poisons. (rPois)
You cover ground very slowly.
You can spit poison.
You have a snake-like lower body.


Message History

The jackal is heavily wounded.
The jackal barely misses you.
You closely miss the jackal.
The jackal is heavily wounded.
The jackal bites you but does no damage.
You closely miss the jackal. You headbutt the jackal.
You kill the jackal!
Your horns disappear.
You see here a jackal corpse.
You open the door.
There is an open door here.
Found a falchion.
Key pressed, stopping explore.
There is a fountain of clear blue water here.
Key pressed, stopping explore.
As you open the door, it creaks loudly!
There is an open door here.
Found a stone staircase leading down.
You pick up a book of Winter and begin reading...
You add the spells Ozocubu's Armour, Metabolic Englaciation and Simulacrum to your library.
A rat comes into view.
A rat is nearby!
A rat is nearby!
A rat is nearby!
A rat is nearby!
A rat is nearby!
A rat is nearby!
You enter the shallow water.
The rat bites you. Why would you want to do that?
Found a club.
The rat bites you.
Your wading speed is very slow.
Your attack delay is about 0.9.
Your damage rating with unarmed combat is about 6 (Base [3 + 3 (UC)] x 105% (Str) x 101% (Fight)).
The rat attacks as you move away! The rat barely misses you.
Why would you want to do that?
You closely miss the rat. You hit the rat.
You kill the rat!
There is a staircase leading out of the dungeon here.
Are you sure you want to leave the Dungeon?
This will make you lose the game!
You have escaped!

#.###...## #.......## ##...####
###.#.#..#####..#....#######.##
#.....................).....##
#.P~≈~~~~~~P...P~~≈~~~~~P.....
####.~~≈~~~~≈≈~...~~≈~~~~≈~~...#
.....~~≈~~~~≈≈~...~~≈~~~~≈~~...##
####.P~~~~≈~~~.....~~~≈~~~~P....#
#............@................
#.P~~~~≈~~~.....~~~~≈~~~P....#
#.~~≈~~~~≈~~...~≈≈~~~~~≈~...##
#.≈≈≈~~~~≈~~...~~≈~~~~≈≈~..##
#.P≈~~~~~~~P...P~~~~~~≈~P..#
####..........................#
....####..#######.######..#...#
##..####.## #.# #####.##..###
##.......# #.# #.....###.#..


There were no monsters in sight!

Vanquished Creatures
  2 ball pythons (D:1)
  An endoplasm (D:1)
  A goblin (D:1)
  3 hobgoblins (D:1)
  2 jackals (D:1)
  A bat (D:1)
  A kobold (D:1)
  A rat (D:1)
12 creatures vanquished.

Notes
Turn   | Place    | Note
-------+----------+-------------------------------------------
     0 | D:1      | Leeroy the Naga Transmuter began the quest for the Orb.
     0 | D:1      | Reached XP level 1. HP: 18/18 MP: 3/3
   364 | D:1      | Reached XP level 2. HP: 23/25 MP: 5/5
   883 | D:$      | Got out of the dungeon alive.

Illustrated notes

Levels and vault maps discovered:
D:1:      giann_bridges, layout_loops_corners, kennysheep_flooded_box,
          minmay_misc_feat_tower, item_on_display_a

Action                   || total
-------------------------++-------
Melee: Unarmed           ||    63
       Punch             ||     2
       Headbutt          ||     1
 Cast: Beastly Appendage ||     1
 Abil: Spit Poison       ||     1
Armor: Robe              ||     9
Dodge: Dodged            ||    27

Table legend: (Time is in decaauts)
 A = Elapsed time spent in this place.
 B = Non-inter-level travel time spent in this place.
 C = Inter-level travel time spent in this place.
 D = Time resting spent in this place.
 E = Time spent auto-exploring this place.
 F = Levels seen in this place.
 G = Mean time per level.
                   A        B        C        D        E       F      G
               +--------+--------+--------+--------+--------+-----+--------+
         Total |   1097 |   1097 |      0 |      0 |    958 |   1 | 1097.0 |
       Dungeon |   1097 |   1097 |      0 |      0 |    958 |   1 | 1097.0 |
               +--------+--------+--------+--------+--------+-----+--------+

Top non-repeatable levels by time:
     D:1: 1097 daAuts
